 Dungeon Crawl Stone Soup version 0.26-a0-639-g72c4674329 (webtiles) character file.

Game seed: 16044952516638261419

1097 Borgoz the Skirmisher (level 8, -4/71 HPs)
             Began as a Hill Orc Fighter on Sept 19, 2020.
             Killed from afar by an electric eel (9 damage)
             ... with a bolt of electricity
             ... on level 7 of the Dungeon.
             The game lasted 00:07:39 (7723 turns).

Borgoz the Skirmisher (Hill Orc Fighter)            Turns: 7723, Time: 00:07:39

Health: -4/71      AC:  9    Str: 26    XL:     8   Next: 31%
Magic:  8/8        EV:  8    Int:  8    God:
Gold:   336        SH: 11    Dex: 19    Spells: 7/7 levels left

rFire    . . .     SeeInvis .   a - +1 war axe
rCold    . . .     Faith    .   c - +0 kite shield
rNeg     . . .     Spirit   .   e - +3 ring mail "Qiucabep" {MR- Str+7 Dex+7}
rPois    .         Reflect  .   (no helmet)
rElec    .         Harm     .   (no cloak)
rCorr    .         Rampage  .   (no gloves)
MR       .....                  (no boots)
Stlth    +.........             (no amulet)
HPRegen  0.21/turn              l - ring of protection from magic
MPRegen  0.11/turn              (no ring)

@: no status effects
A: no striking features
a: no special abilities


You were on level 7 of the Dungeon.
You visited 2 branches of the dungeon, and saw 8 of its levels.

You collected 336 gold pieces.

Inventory:

Hand Weapons
 a - a +1 war axe (weapon)
 b - a +0 flail
Armour
 c - a +0 kite shield (worn)
 e - the +3 ring mail "Qiucabep" (worn) {MR- Str+7 Dex+7}
   (You found it on level 5 of the Dungeon)

   It affects your strength (+7).
   It affects your dexterity (+7).
   It affects your resistance to hostile enchantments.
Jewellery
 l - a ring of protection from magic (left hand)
Wands
 q - a wand of disintegration (30)
Scrolls
 d - a scroll of enchant weapon
 f - 5 scrolls of amnesia
 h - 2 scrolls of teleportation
 m - a scroll of fog {unknown}
 n - a scroll of blinking {unknown}
Potions
 g - 3 potions of flight
 i - a potion of brilliance {unknown}
 j - 3 potions of heal wounds {unknown}
 k - 2 potions of berserk rage {unknown}
 o - 3 potions of cancellation
 p - 2 potions of magic {unknown}
 r - a potion of invisibility {unknown}
 s - a potion of stabbing {unknown}


   Skills:
 + Level 6.8 Fighting
 + Level 6.7 Axes
 + Level 6.1 Armour
 + Level 6.1 Shields


You had 7 spell levels left.
You didn't know any spells.
Your spell library was empty.

Dungeon Overview and Level Annotations

Branches:
Dungeon (7/15)             Temple (1/1) D:4

Altars:
Ashenzari
Cheibriados
Dithmenos
Elyvilon
Fedhas
Gozag
Hepliaklqana
Kikubaaqudgha
Makhleb
Nemelex Xobeh
Okawaru
Qazlal
Ru
Sif Muna
Vehumet
Wu Jian
Xom
Yredelemnul
Zin

Shops:
D:5 :


Message History

The puff of frost hits you.
Your shield prevents you from hitting the orc wizard.
The electric eel shoots out a bolt of lightning at you!
The bolt of electricity misses you. x2; You block the orc wizard's attack.
The electric eel shoots out a bolt of lightning at you!
The bolt of electricity hits the electric eel.
The electric eel completely resists.
The bolt of electricity hits you.
A dart slug comes into view.
You hear a shout!
You barely miss the orc wizard.
The electric eel shoots out a bolt of lightning at you!
The bolt of electricity hits you! x2
* * * LOW HITPOINT WARNING * * *
The orc wizard gestures at you while chanting.
The magic dart hits you!
* * * LOW HITPOINT WARNING * * *
The electric eel shoots out a bolt of lightning at you!
The bolt of electricity hits the electric eel.
The electric eel completely resists.
The bolt of electricity hits you!
You die...

.. ..# # # #.# #.# #####
.# #. #.# #.# ##.@o#
##.###
###.##.###.###..#.##≈≈.≈≈#
.......##.##..###.≈≈≈≈≈#≈w
#.#...##.##..##≈≈≈≈≈≈≈≈≈#
#......#.##..##≈≈;o?..≈≈≈
#.#...........≈≈#≈≈..≈.≈#
#........##..≈≈#≈≈≈;$≈≈#≈
####.######.≈≈≈≈≈≈#w.≈≈≈≈
#)# #.;≈≈≈≈≈≈.!.≈;≈


You could see 2 electric eels, an orc wizard, a dart slug and an orc.

Vanquished Creatures
  Menkaure (D:6)
  2 phantoms
  A black bear (D:4)
  A centaur (D:6)
  2 bullfrogs
  A hound (D:4)
  A bullfrog zombie (D:6)
  2 centaur skeletons
  An iguana (D:5)
  2 worker ants
  3 orc wizards
  2 gnolls (D:2)
  9 adders
  A shadow imp (D:5)
  A white imp (D:6)
  An adder zombie (D:6)
  An adder skeleton (D:5)
  A worm (D:2)
  4 dart slugs
  4 leopard geckos
  13 orcs
  5 giant cockroaches
  2 goblins (D:1)
  5 hobgoblins
  7 jackals
  5 kobolds
  7 quokkas
  2 ball pythons
  8 bats
  5 frilled lizards
  A leopard gecko skeleton (D:4)
  6 rats
107 creatures vanquished.

Vanquished Creatures (others)
  A dart slug (D:7)
  A jackal (D:7)
  59 plants (D:2)
61 creatures vanquished.

Grand Total: 168 creatures vanquished

Notes
Turn   | Place    | Note
-------+----------+-------------------------------------------
     0 | D:1      | Borgoz the Hill Orc Fighter began the quest for the Orb.
     0 | D:1      | Reached XP level 1. HP: 19/19 MP: 1/1
   204 | D:1      | You fall into a shaft and drop 1 floor!
   371 | D:2      | Reached XP level 2. HP: 26/27 MP: 2/2
   436 | D:2      | Reached XP level 3. HP: 12/33 MP: 3/3
  1322 | D:2      | Reached XP level 4. HP: 27/40 MP: 4/4
  1798 | D:2      | Reached XP level 5. HP: 37/47 MP: 5/5
  2884 | D:3      | Reached skill level 5 in Fighting
  2884 | D:3      | Reached XP level 6. HP: 41/56 MP: 6/6
  3960 | D:4      | Found a snail-covered altar of Cheibriados.
  4106 | D:4      | Noticed a black bear
  4118 | D:4      | Killed a black bear
  4118 | D:4      | Reached skill level 5 in Axes
  4118 | D:4      | Reached skill level 5 in Armour
  4118 | D:4      | Reached skill level 5 in Shields
  4118 | D:4      | Reached XP level 7. HP: 24/61 MP: 7/7
  4857 | D:4      | Found a staircase to the Ecumenical Temple.
  4869 | Temple   | Entered the Ecumenical Temple
  5145 | D:5      | Entered Level 5 of the Dungeon
  5198 | D:5      | Got a pitted dagger
  5703 | D:5      | Found Weergh's Book Shoppe.
  5752 | D:5      | Got a polished ring mail
  5763 | D:5      | Identified the +3 ring mail "Qiucabep" {MR- Str+7 Dex+7}
                  | (You found it on level 5 of the Dungeon)
  6476 | D:6      | Noticed Menkaure
  6486 | D:6      | Killed Menkaure
  6486 | D:6      | Reached XP level 8. HP: 32/71 MP: 8/8
  7723 | D:7      | Killed from afar by an electric eel

Illustrated notes

Levels and vault maps discovered:
D:1:      nagdon_arrival_double_spiral, layout_basic, minmay_tiny_reverse_x
D:2:      wad_woods_tower, layout_basic
D:3:      layout_loops_corners
D:4:      layout_layer_cave, marbit_many_paths, temple_hall
D:5:      wad_lake_hut, layout_basic, serial_shops, shop, st_stairs_12,
          hangedman_decor_clover_reticule
D:6:      layout_gridville, uniq_menkaure
D:7:      kennysheep_slugbush, layout_loops_corners
Temple:   dpeg_five_rooms_temple

Skill      XL: |  1  2  3  4  5  6  7  8 |
---------------+-------------------------+-----
Axes           | 3 4 5 6 |  6.7
Fighting       | 4 5 6 |  6.8
Armour         | 4 5 6 |  6.1
Shields        | 4 5 6 |  6.1

Action                   |  1- 3 |  4- 6 |  7- 9 || total
-------------------------+-------+-------+-------++-------
Melee: War axe           |   115 |   195 |   126 ||   436
Evoke: Wand              |       |       |     1 ||     1
  Use: Potion            |     1 |       |     2 ||     3
       Scroll            |       |    12 |     1 ||    13
Armor: Scale mail        |    71 |    85 |    20 ||   176
       Ring mail         |       |       |    24 ||    24
Dodge: Dodged            |    41 |    81 |    46 ||   168
Block: Kite shield       |    56 |    88 |    58 ||   202

Table legend: (Time is in decaauts)
 A = Elapsed time spent in this place.
 B = Non-inter-level travel time spent in this place.
 C = Inter-level travel time spent in this place.
 D = Time resting spent in this place.
 E = Time spent auto-exploring this place.
 F = Levels seen in this place.
 G = Mean time per level.
                   A        B        C        D        E       F      G
               +--------+--------+--------+--------+--------+-----+--------+
         Total |   7972 |   7636 |    336 |   1053 |   5550 |   8 |  996.5 |
       Dungeon |   7731 |   7446 |    285 |   1053 |   5362 |   7 | 1104.4 |
        Temple |    241 |    190 |     51 |      0 |    188 |   1 |  241.0 |
               +--------+--------+--------+--------+--------+-----+--------+

Top non-repeatable levels by time:
     D:2: 1576 daAuts
     D:4: 1526 daAuts
     D:5: 1232 daAuts
     D:3: 1111 daAuts
     D:6: 959 daAuts
     D:1: 885 daAuts
     D:7: 439 daAuts
  Temple: 241 daAuts
